Map: Écho EC

Players

IIIIIIIIIIII - Winner!

  • Race: Terran Terran

AgCl

  • Race: Protoss Protoss

VOD

Have the link to the VOD?

Description

Time

  • Played on: May 6, 2015, 8:30 p.m.
  • Length: 5:52
Show
View Real Time Build Order
Export as new Build Order

IIIIIIIIIIII Terran - Winner!

Build Orders:  

Get SALT Encoding   

  12  0:01  SCV  
  13  0:13  SCV  
  14  0:17  Supply Depot  
  14  0:25  SCV  
  15  0:39  SCV  
  15  0:41  Barracks  
  16  0:49  Refinery  
  16  0:51  SCV  
  17  1:03  SCV  
  18  1:15  SCV  
  19  1:28  Supply Depot, Orbital Command  
  19  1:30  Marine  
  20  2:01  Command Center  
  20  2:02  Bunker  
  20  2:05  SCV  
  21  2:22  SCV  
  22  2:25  Factory  
  21  2:30  Barracks Reactor  
  21  2:34  SCV  
  21  2:38  Supply Depot  
  20  2:46  SCV  
  21  2:58  SCV  
  22  3:07  Marine x2  
  22  3:08  Widow Mine  
  22  3:10  SCV  
  27  3:12  Starport  
  27  3:22  SCV  
  28  3:27  Marine x2  
  30  3:36  SCV  
  31  3:45  Marine x2  
  32  3:53  SCV  
  32  3:54  Medivac  
  35  3:59  Command Center  
  35  4:04  Refinery  
  35  4:05  Barracks  
  35  4:10  Barracks, Marine  
  35  4:11  Marine  
  37  4:17  Orbital Command  
  37  4:22  SCV  
  38  4:28  Widow Mine  
  40  4:36  Marine x2  
  40  4:37  SCV  
  43  4:39  Medivac  
  43  4:41  Supply Depot  
  45  4:45  SCV  
  45  4:46  Bunker  
  45  4:52  SCV  
  47  4:54  Marine x2  
  46  5:06  Marine  
  47  5:11  Marine  
  45  5:21  Marine  
  39  5:23  SCV  
  39  5:27  Barracks Tech Lab  
  39  5:28  SCV  
  42  5:30  Barracks Tech Lab  
  42  5:34  Marine  
  42  5:35  SCV  
  46  5:40  SCV  
  48  5:46  Engineering Bay  
Show
View Real Time Build Order
Export as new Build Order

AgCl Protoss 

Build Orders: Oracle Opening 

Get SALT Encoding   

  12  0:19  Pylon  
  12  0:26  Probe  
  13  0:43  Probe (Chrono Boost)  
  13  0:45  Assimilator  
  14  0:50  Gateway  
  14  0:54  Probe (Chrono Boost)  
  15  1:00  Probe  
  16  1:12  Probe  
  17  1:24  Probe  
  18  1:34  Pylon  
  18  1:36  Probe  
  18  1:37  Zealot (Chrono Boost)  
  21  1:48  Probe  
  21  2:00  Probe  
  22  2:03  Zealot (Chrono Boost)  
  24  2:10  Cybernetics Core  
  24  2:13  Probe  
  25  2:21  Assimilator  
  25  2:25  Probe  
  26  2:37  Probe  
  27  2:46  Nexus  
  27  2:49  Probe (Chrono Boost)  
  27  2:51  Stargate  
  28  3:01  Probe (Chrono Boost)  
  29  3:10  Probe (Chrono Boost)  
  30  3:16  Forge, Warp Gate (Chrono Boost)  
  30  3:37  Pylon  
  30  3:42  Mothership Core (Chrono Boost)  
  28  3:53  Pylon  
  28  3:55  Oracle (Chrono Boost)  
  31  4:00  Fleet Beacon  
  31  4:02  Probe (Chrono Boost)  
  33  4:04  Probe (Chrono Boost)  
  33  4:08  Probe (Chrono Boost)  
  34  4:12  Probe  
  35  4:20  Probe  
  36  4:24  Probe (Chrono Boost)  
  36  4:30  Twilight Council  
  37  4:33  Probe (Chrono Boost), Photon Cannon  
  37  4:37  Probe (Chrono Boost)  
  39  4:42  Photon Cannon  
  39  4:44  Probe (Chrono Boost)  
  41  4:46  Probe (Chrono Boost)  
  41  4:48  Photon Cannon  
  41  4:50  Probe (Chrono Boost)  
  42  4:54  Probe (Chrono Boost)  
  43  5:06  Probe (Chrono Boost), Assimilator  
  45  5:07  Probe (Chrono Boost)  
  47  5:14  Probe (Chrono Boost)  
  47  5:16  Probe (Chrono Boost)  
  30  5:23  Probe (Chrono Boost)  
  38  5:31  Probe (Chrono Boost)  
  38  5:32  Probe (Chrono Boost)  
  39  5:38  Probe  
  39  5:40  Probe  
Tags
 
Add a new tag
Caveats
  • Supply blocks, unpowered buildings, or Contaminate may cause inaccurate times.
  • Supply counts are checked every 10 seconds.